[Event "Late-Titled-Tuesday-Blitz-January-16-2024"]
[Site "Chess.com"]
[Date "2024.01.16"]
[Round "5"]
[White "AldokhinIvan"]
[Black "lucliasco"]
[Result "1-0"]
[WhiteElo "2589"]
[BlackElo "2865"]
[TimeControl "180+1"]
[EndTime "14:53:36 PST"]
[Termination "AldokhinIvan won by resignation"]

1. e4 e5 2. Nf3 Nc6 3. Bb5 g6 4.
Nc3 Bg7 5. Bxc6 dxc6 6. d3 Ne7 7. Be3 h6 8. Qd2 g5 9. h4 g4 10. Nh2 h5 11. O-O-O Be6 12. f3 Qd7 13. fxg4 hxg4 14. Nf1 O-O-O 15. h5 f5 16. exf5 Nxf5 17. Bg5 Rdg8 18.
Ne4 b6 19. Ne3 Nxe3 20. Qxe3 Bd5 21. h6 Bf8 22. Nf6 Qe6 23. Nxg8 Bxg2 24. Nf6 Bxh1 25. Rxh1 Qxa2 26. Qe4 Qa1+ 27. Kd2 Bb4+ 28. Ke3 Qxb2 29. Qxc6 Bc5+ 30. Ke4 Qd4+ 31. Kf5 Kb8 32. Nd7+ Kc8 33. Nf6 Kb8 34. h7 Qf2+ 35. Kg6 Bd6 36. Qd5 a5 37.
Qg8+ Ka7 38. Qxh8 Qg2 39. Qg8 Qxc2 40. h8=Q Qxd3+ 41. Kh5 Qf3 42. Qd5 Qxd5 43. Nxd5 Kb7 44. Qe8 1-0

[Event "Late-Titled-Tuesday-Blitz-January-16-2024"]
[Site "Chess.com"]
[Date "2024.01.16"]
[Round "5"]
[White "j_coca"]
[Black "DenizG123"]
[Result "0-1"]
[WhiteElo "2519"]
[BlackElo "2129"]
[TimeControl "180+1"]
[EndTime "14:53:36 PST"]
[Termination "DenizG123 won by checkmate"]

1. f4 c5 2. Nf3 Nc6 3. e3 d5 4.
d4 Bf5 5. c3 e6 6. Be2 Nf6 7.
O-O Bd6 8. Ne5 O-O 9. Nd2 Rc8 10. g4 Be4 11. g5 Nd7 12. Nxe4 dxe4 13. Bg4 Ndxe5 14.
dxe5 Be7 15. Qc2 Qd3 16. Qg2 Rcd8 17. Be2 Qc2 18. h4 Rd7 19. Rf2 Rfd8 20. Bf1 Qd1 21.
Qxe4 Qg4+ 22. Kh1 Rd1 23. Qf3 Qxh4+ 24. Rh2 Qe1 25. Kg1 Bf8 26. Qh3 h6 27. gxh6 gxh6 28. Qg2+ Kh7 29. e4 Rxc1 30. Rxc1 Qxc1 31. Qf3 Rd1 32. Rf2 Rd2 33. Kg2 Rxf2+ 34. Qxf2 Bg7 35. Bd3 Qd1 36. Bc2 Qg4+ 37. Kf1 Qh3+ 38. Ke2 h5 39.
Bd3 Bh6 40. Qxc5 Bxf4 41. Qf2 Qg4+ 42. Ke1 Bg3 43. Be2 Bxf2+ 44. Kxf2 Qf4+ 45. Ke1 Qxe4 46. Kd2 Qxe5 47. Kc2 Qxe2+ 48. Kb3 h4 49. a4 h3 50. Ka3 h2 51. b4 h1=Q 52. b5 Qa1+ 53. Kb3 Qeb2+ 54.
Kc4 Qxa4+ 55. Kc5 Qxc3+ 56. Kd6 Qcd4+ 57. Kc7 Qxb5 58. Kc8 Qd8# 0-1

[Event "Late-Titled-Tuesday-Blitz-January-16-2024"]
[Site "Chess.com"]
[Date "2024.01.16"]
[Round "5"]
[White "Mr_November18"]
[Black "FredddieCroderg"]
[Result "0-1"]
[WhiteElo "2054"]
[BlackElo "2352"]
[TimeControl "180+1"]
[EndTime "14:53:36 PST"]
[Termination "FredddieCroderg won on time"]

1. e4 c6 2. d4 d5 3. f3 Qb6 4. Nc3 dxe4 5. Nxe4 Bf5 6. Ne2 Bxe4 7.
fxe4 e5 8. c3 Nf6 9. Ng3 Nbd7 10. Bc4 exd4 11. Qe2 Ne5 12. Bf4 Nxc4 13. Qxc4 Qxb2 14.
O-O Qxc3 15. Qa4 Qb4 16. Qd1 Bc5 17. Kh1 Qa3 18. Bg5 O-O-O 19. Bxf6 gxf6 20. Rb1 Bd6 21. Rxf6 Bxg3 22. Qg4+ Kb8 23. hxg3 Rhg8 24. Qf4+ Ka8 25.
Rxf7 Rb8 26. Qc7 Qxg3 27. Qxg3 Rxg3 28. Rxh7 c5 29. a4 d3 30. a5 c4 31. a6 bxa6 32. Rxb8+ Kxb8 33. Rh8+ Kb7 34. Rh7+ Kb6 35. Rh8 Kb5 36. Kh2 Kb4 37. Rh5 Rg4 38. g3 Rxe4 39. Ra5 Re2+ 40. Kg1 Kxa5 41. g4 Kb4 42. g5 c3 43. g6 c2 0-1

[Event "Late-Titled-Tuesday-Blitz-January-16-2024"]
[Site "Chess.com"]
[Date "2024.01.16"]
[Round "5"]
[White "koncheto"]
[Black "Cambek64"]
[Result "0-1"]
[WhiteElo "2573"]
[BlackElo "2454"]
[TimeControl "180+1"]
[EndTime "14:53:37 PST"]
[Termination "Cambek64 won by resignation"]

1. e4 e6 2. d4 d5 3. Nd2 Nc6 4.
Ngf3 Nf6 5. e5 Nd7 6. c3 f6 7.
Nh4 Qe7 8. exf6 Nxf6 9. f4 Bd7 10. Bd3 O-O-O 11. O-O g6 12. b4 Kb8 13. a4 Re8 14. a5 Nd8 15. Nhf3 Bg7 16. Nb3 Rhf8 17. b5 Nf7 18. Ba3 Nd6 19. b6 a6 20. Qe2 Bc8 21.
bxc7+ Qxc7 22. Rfb1 Nfe4 23. Bxe4 Nxe4 24. Nc5 Ka8 25.
Nxe4 dxe4 26. Qxe4 Rxf4 27. Qd3 Bd7 28. Rb6 Bb5 29.
Qe3 Rf5 30. Bd6 Qc4 31. Nd2 Qd5 32. Rb1 Rf7 33. Qe4 Bc6 34. Qxd5 Bxd5 35. Bc5 Rc8 36. Rf1 Rd7 37. Rf2 Bh6 38. Re2 Bf4 39. Nf1 Bc7 40. Rbb2 Bxa5 41. Rbc2 Bd8 42. Ne3 Bg5 43. Ng4 Bd8 44. Ne5 Rdc7 45. Nd3 Rc6 46. Nf4 b6 47. Bb4 a5 48. Ba3 Rxc3 49. Bb2 Rxc2 50. Rxc2 Rxc2 0-1

[Event "Late-Titled-Tuesday-Blitz-January-16-2024"]
[Site "Chess.com"]
[Date "2024.01.16"]
[Round "5"]
[White "Rutricks"]
[Black "jefferyx"]
[Result "0-1"]
[WhiteElo "2720"]
[BlackElo "2994"]
[TimeControl "180+1"]
[EndTime "14:53:39 PST"]
[Termination "jefferyx won by resignation"]

1. d4 d5 2. Nf3 Nf6 3. Bf4 c5 4. c3 e6 5. e3 Qb6 6. Qc1 Bd7 7. Nbd2 cxd4 8. exd4 Bb5 9. Qc2 Bxf1 10. Nxf1 Nc6 11. Ng3 Rc8 12. Qe2 Be7 13. O-O O-O 14. Ne5 Nxe5 15.
Bxe5 Nd7 16. Bf4 Rfe8 17. Rfe1 Qc6 18. Nh5 b5 19. Qg4 g6 20. Rac1 b4 21. cxb4 Qb6 22. Bh6 Bxb4 23. Qf4 Be7 24. b3 Qd6 25. Qxd6 Bxd6 26.
Bf4 Ba3 27. Rxc8 Rxc8 28. Ng3 Rc2 29. h4 Rxa2 30. Nf1 Kf8 31. Ne3 Bb2 32. Bd6+ Kg7 33. Rd1 Ra1 34. Rxa1 Bxa1 35. Nc2 Bc3 36. Kf1 f6 37.
Ke2 Kf7 38. Kd3 Ba5 39. b4 Bb6 40. Na3 e5 41. Nb5 Ke6 42. Bc7 a6 43. Bxb6 axb5 44. Bc7 e4+ 45. Ke3 g5 46. f4 exf3 47. Kxf3 h5 48. Bd8 Kf5 49. Ke3 Nf8 50. Kf3 Ne6 51. Bb6 gxh4 52. Ba7 Ng5+ 53. Ke3 Kg4 54. Bb8 h3 55.
gxh3+ Nxh3 56. Bd6 f5 57. Be7 f4+ 58. Ke2 h4 59.
Bxh4 Kxh4 60. Kf3 Kg5 61. Kg2 Kg4 0-1

[Event "Late-Titled-Tuesday-Blitz-January-16-2024"]
[Site "Chess.com"]
[Date "2024.01.16"]
[Round "5"]
[White "Agibileg"]
[Black "xakevicius91"]
[Result "1/2-1/2"]
[WhiteElo "2681"]
[BlackElo "2533"]
[TimeControl "180+1"]
[EndTime "14:53:39 PST"]
[Termination "Game drawn - insufficient material"]

1. d4 Nf6 2. c4 e6 3. Nc3 Bb4 4. e3 O-O 5. Bd3 d5 6. a3 Bxc3+ 7. bxc3 dxc4 8. Bxc4 c5 9. Ne2 Qc7 10. Bd3 b6 11.
O-O Ba6 12. e4 Bxd3 13. Qxd3 Nc6 14. Bg5 Nd7 15. Rad1 cxd4 16. cxd4 Rac8 17. Ng3 h6 18. Bd2 Rfd8 19. Nh5 Nde5 20. Bf4 Nxd4 21. Kh1 f6 22. Qg3 Qf7 23. Nxf6+ Qxf6 24. Bxe5 Ne2 25. Bxf6 Nxg3+ 26. hxg3 gxf6 27. f4 Kf7 28. Kh2 Ke7 29.
Rxd8 Kxd8 30. Rd1+ Ke7 31. Rd3 Rc4 32. Re3 Rc2 33. Kh3 h5 34. Kh4 Rxg2 35. Kxh5 b5 36.
Rb3 a6 37. a4 bxa4 38. Ra3 f5 39. exf5 exf5 40. Kg5 Ke6 41. Re3+ Kd5 42. Kxf5 Kc4 43. g4 Kb4 44. Re4+ Kb3 45. Re5 Kb4 46. g5 a3 47.
g6 a2 48. Re1 a5 49. Kf6 a4 50.
g7 a3 51. Kf7 Kb3 52. g8=Q Rxg8 53. Kxg8 Kb2 54. Re2+ Kb3 55. Re1 Kb2 56. f5 a1=Q 57.
Rxa1 Kxa1 58. f6 a2 59. f7 Kb1 60. f8=Q a1=Q 61. Qf1+ Ka2 62. Qxa1+ Kxa1 1/2-1/2

[Event "Late-Titled-Tuesday-Blitz-January-16-2024"]
[Site "Chess.com"]
[Date "2024.01.16"]
[Round "5"]
[White "Trovita84"]
[Black "youngdinousaur"]
[Result "1-0"]
[WhiteElo "2127"]
[BlackElo "2330"]
[TimeControl "180+1"]
[EndTime "14:53:39 PST"]
[Termination "Trovita84 won on time"]

1. e4 c5 2. Nf3 e6 3. d4 cxd4 4. Nxd4 Nf6 5. Nc3 Nc6 6. g3 d5 7. Nxc6 bxc6 8. Bg2 Be7 9. O-O O-O 10. Re1 Rb8 11.
exd5 cxd5 12. b3 Ba6 13. Bb2 Qc7 14. Ne2 Rbc8 15. Rc1 Rfd8 16. Nd4 Qb6 17. h3 Bc5 18. a3 Be7 19. Kh2 Qc7 20. Nf3 Bb7 21. Ne5 Bd6 22.
Qe2 Nd7 23. Nxf7 Kxf7 24. Qxe6+ Kf8 25. Re3 Nf6 26. Rf3 Qf7 27. Qf5 Re8 28. Qg5 d4 29.
Rf5 Bxg2 30. Kxg2 d3 31. Bxf6 gxf6 32. Rxf6 Be7 33. Rxf7+ Kxf7 34. Qf5+ Kg8 35. Qxd3 Red8 36. Qf5 Bf8 37. Qe6+ Kh8 38. c4 Bg7 39. b4 1-0

[Event "Late-Titled-Tuesday-Blitz-January-16-2024"]
[Site "Chess.com"]
[Date "2024.01.16"]
[Round "5"]
[White "sjoerd893"]
[Black "Zampronha1971"]
[Result "1-0"]
[WhiteElo "2497"]
[BlackElo "2318"]
[TimeControl "180+1"]
[EndTime "14:53:41 PST"]
[Termination "sjoerd893 won on time"]

1. e4 c5 2. Nf3 e6 3. d4 cxd4 4. Nxd4 Nc6 5. Nc3 Qc7 6. Be3 a6 7. Qd2 Nf6 8. f3 b5 9. O-O-O Bb7 10. Kb1 b4 11. Nce2 d5 12. Bf4 Qb6 13. Nxc6 Bxc6 14. Be5 Be7 15. exd5 Bxd5 16. Nf4 Bxa2+ 17. Kxa2 Qa5+ 18.
Kb1 Qxe5 19. g4 O-O 20. Nd3 Qc7 21. f4 Rab8 22. Bg2 b3 23. Ne5 Rfd8 24. Qe2 bxc2+ 25. Qxc2 Rxd1+ 26. Rxd1 Qb6 27. g5 Nh5 28. Nd7 Qd8 29.
Nf6+ Bxf6 30. Rxd8+ Bxd8 31. Qc4 g6 32. Bf3 Ng7 33.
Qxa6 Bb6 34. Qc4 Nf5 35. b4 Nd4 36. Be4 Ba5 37. Ka2 Rxb4 38. Qc8+ Kg7 39. Qc5 Ra4+ 40. Kb2 Rb4+ 41. Ka3 Nb5+ 42. Ka2 Ra4+ 43. Kb2 Rb4+ 44.
Kc1 Nc3 45. Qxc3+ 1-0

[Event "Late-Titled-Tuesday-Blitz-January-16-2024"]
[Site "Chess.com"]
[Date "2024.01.16"]
[Round "5"]
[White "ChessBrainiacOnTwitch"]
[Black "bazar-wokzal"]
[Result "1-0"]
[WhiteElo "2808"]
[BlackElo "2569"]
[TimeControl "180+1"]
[EndTime "14:53:42 PST"]
[Termination "ChessBrainiacOnTwitch won on time"]

1. Nf3 c5 2. g3 g6 3. Bg2 Bg7 4. O-O Nc6 5. d3 Nf6 6. Nbd2 O-O 7. e4 d5 8. Re1 dxe4 9. dxe4 Bg4 10. h3 Bxf3 11. Qxf3 Nd4 12. Qd1 Nd7 13. c3 Nc6 14. f4 e5 15. f5 Bh6 16. Nc4 Bxc1 17. Rxc1 Nb6 18. Ne3 Qxd1 19. Rcxd1 Rfd8 20. Bf1 Na4 21. Nd5 Kf8 22. b3 Nb6 23. Bb5 gxf5 24. Nxb6 Rxd1 25. Rxd1 axb6 26. exf5 Rxa2 27. f6 Ke8 28. Rd5 Rc2 29.
Rxe5+ Kd7 30. Re7+ Kd6 31. Rxb7 Ne5 32. Rxb6+ Kd5 33.
Rb8 Rxc3 34. Kf2 Ke4 35. Be2 Rc2 36. Re8 Kf5 37. Rh8 Kxf6 38. Rxh7 Rb2 39. Rh6+ Kf5 40. Rh5+ Ke6 41. g4 Rxb3 42. Rh8 c4 43. h4 c3 44. Rc8 Rb2 45. Re8+ Kd6 46. Rc8 1-0

[Event "Late-Titled-Tuesday-Blitz-January-16-2024"]
[Site "Chess.com"]
[Date "2024.01.16"]
[Round "5"]
[White "Arteler"]
[Black "Jarrahi2452"]
[Result "0-1"]
[WhiteElo "2480"]
[BlackElo "2626"]
[TimeControl "180+1"]
[EndTime "14:53:43 PST"]
[Termination "Jarrahi2452 won by resignation"]

1. e4 c5 2. Nf3 d6 3. Bb5+ Nd7 4. O-O a6 5. Bd3 Ngf6 6. c3 e6 7. Bc2 b5 8. a4 Bb7 9. Re1 Be7 10. d4 cxd4 11. cxd4 O-O 12. Bd3 Bc6 13. Nbd2 bxa4 14. Nf1 Qb6 15. Ng3 Qb7 16. d5 exd5 17. Nf5 Ne5 18.
exd5 Bxd5 19. Nxe5 dxe5 20. Rxe5 Rfe8 21. Bg5 Be6 22.
Qxa4 Bxf5 23. Bxf5 Red8 24. Rae1 Bb4 25. Bxf6 gxf6 26. Be4 Qb6 27. Bxa8 fxe5 28. Re4 a5 29. Bc6 Rd4 30. Rxd4 Qxd4 31. g3 Qxb2 32. Bd5 Qc1+ 33. Kg2 Qc8 34. Qb3 Qf5 35. Qe3 a4 36. Be4 Qf6 37.
Qa7 a3 38. Qb8+ Bf8 39. Qb1 Kg7 40. Bd5 Bc5 41. Qc2 Bd4 42. Bb3 e4 43. Qxe4 Qxf2+ 44. Kh3 Qf1+ 45. Kg4 f5+ 46. Qxf5 h5+ 47. Kg5 Bf6+ 0-1

[Event "Late-Titled-Tuesday-Blitz-January-16-2024"]
[Site "Chess.com"]
[Date "2024.01.16"]
[Round "5"]
[White "C_K_G"]
[Black "ritanovikova"]
[Result "0-1"]
[WhiteElo "2075"]
[BlackElo "2185"]
[TimeControl "180+1"]
[EndTime "14:53:43 PST"]
[Termination "ritanovikova won on time"]

1. e4 d5 2. exd5 Qxd5 3. Nc3 Qd6 4. d4 Nf6 5. Nf3 a6 6. Bc4 Nc6 7. h3 Bf5 8. O-O O-O-O 9. Be3 e6 10. Qe2 Nb4 11. Rfc1 h6 12. Ne5 Qe7 13. a3 Nbd5 14. Bxa6 Nd7 15. Bxb7+ Kxb7 16. Qb5+ N7b6 17. Nc6 Qd7 18.
Na5+ Ka7 19. Nc6+ Kb7 20. Nxd8+ Qxd8 21. Na4 Qd7 22. Qa5 Qxa4 23. Qe1 Bxc2 24. Qd2 Bb3 25.
Bf4 g5 26. Bg3 Bd6 27. Bxd6 cxd6 28. Qe2 Rc8 29. Rxc8 Nxc8 30. Qf3 f5 31. Qh5 Qd7 32. Rc1 Ncb6 33. Qxh6 Qe7 34. Qh8 Bc4 35. b4 f4 36. Qg8 f3 37. gxf3 Nf4 38. Kh2 Qd7 39.
Qxg5 e5 40. Qg4 Be6 41. Qg3 Bxh3 42. dxe5 dxe5 0-1

[Event "Late-Titled-Tuesday-Blitz-January-16-2024"]
[Site "Chess.com"]
[Date "2024.01.16"]
[Round "5"]
[White "tolimachess"]
[Black "Ajedrecista3000"]
[Result "0-1"]
[WhiteElo "2431"]
[BlackElo "2585"]
[TimeControl "180+1"]
[EndTime "14:53:44 PST"]
[Termination "Ajedrecista3000 won by checkmate"]

1. e4 e5 2. Nc3 Nf6 3. g3 Nc6 4. Bg2 Bc5 5. h3 O-O 6. Nge2 a6 7. O-O d6 8. d3 Nd4 9. Kh2 b5 10. f4 b4 11. Nxd4 Bxd4 12. Ne2 Bb6 13. c3 a5 14.
a3 bxc3 15. bxc3 Ba6 16. c4 Nd7 17. f5 Rb8 18. Bd2 Nc5 19. Qc2 a4 20. Rab1 Nb3 21. h4 Bc5 22. Bc1 Bc8 23. Bg5 f6 24. Bc1 Bd7 25. Bb2 Qe7 26. Nc3 Nd4 27. Qd1 Rb3 28. Nd5 Qd8 29. Bxd4 Rxb1 30. Qxb1 Bxd4 31. Qb7 c6 32.
Nb4 Qc8 33. Qxc8 Rxc8 34. Nc2 Rb8 35. Nxd4 exd4 36. c5 dxc5 37. Rc1 Rb3 38. Rxc5 Rxd3 39. Ra5 Rxa3 40. Ra8+ Kf7 41. Ra7 Ke8 42. e5 fxe5 43. Ra8+ Ke7 44. Ra7 Kd6 45. Ra8 d3 46. Rg8 d2 47.
Rxg7 d1=Q 48. f6 Be6 49. Re7 Qg4 50. Rg7 Rxg3 51. Rxg4 Rxg4 52. Bf3 Rf4 53. Bh5 Rxf6 54. Bd1 a3 55. Bc2 c5 56. Bxh7 Rh6 57. Bb1 Rxh4+ 58. Kg3 Rb4 59. Ba2 Bxa2 60. Kf2 Bd5 61. Ke3 a2 62.
Kd2 a1=Q 63. Kc2 Qa2+ 64. Kd3 Rb3# 0-1

[Event "Late-Titled-Tuesday-Blitz-January-16-2024"]
[Site "Chess.com"]
[Date "2024.01.16"]
[Round "5"]
[White "TheMagician"]
[Black "shirovin"]
[Result "1-0"]
[WhiteElo "2154"]
[BlackElo "1998"]
[TimeControl "180+1"]
[EndTime "14:53:45 PST"]
[Termination "TheMagician won by checkmate"]

1. e4 c6 2. d3 d5 3. Nd2 e5 4.
Ngf3 Bd6 5. Be2 Ne7 6. d4 f6 7.
c3 O-O 8. dxe5 fxe5 9. O-O Bg4 10.
a4 Nd7 11. a5 Nf6 12. Qb3 Rb8 13. Re1 Kh8 14. h3 Bxf3 15. Bxf3 b5 16. axb6 Rxb6 17.
Qc2 Qb8 18. c4 Rb4 19. b3 d4 20. Ba3 Rb7 21. Bxd6 Qxd6 22. c5 Qc7 23. Nc4 Rfb8 24. Ra3 Ne8 25. Rea1 h6 26. Bh5 Nf6 27. Bf3 Ra8 28. Be2 Rb5 29. Nd6 Rb4 30. Bc4 Nd7 31. f4 Nxc5 32. fxe5 Ng6 33. Ra5 Nd7 34. Nf7+ Kh7 35. e6 Nde5 36. Nxe5 Nxe5 37. Qd2 c5 38.
Qf4 Rb7 39. Qf5+ Kh8 40. Bd5 Nc6 41. Ra6 Ne7 42. Qf7 Nxd5 43. exd5 Qxf7 44. exf7 Rxf7 45. Rc6 Rd8 46. Rxc5 d3 47. Rd1 d2 48. Rxd2 Rb7 49. Rd3 Rdb8 50. d6 Rxb3 51. Rxb3 Rxb3 52. d7 Rd3 53. Rc8+ Kh7 54. d8=Q Rxd8 55. Rxd8 a5 56. Ra8 Kg6 57. Rxa5 Kf6 58. g4 Kf7 59. Kf2 g5 60. Kf3 h5 61. Ke4 hxg4 62. hxg4 Kf6 63. Ra6+ Kf7 64. Ke5 Ke7 65. Ra7+ Kf8 66. Ke6 Ke8 67. Ra8# 1-0

[Event "Late-Titled-Tuesday-Blitz-January-16-2024"]
[Site "Chess.com"]
[Date "2024.01.16"]
[Round "5"]
[White "PepeCuenca"]
[Black "BilodeauA"]
[Result "0-1"]
[WhiteElo "2681"]
[BlackElo "2907"]
[TimeControl "180+1"]
[EndTime "14:53:46 PST"]
[Termination "BilodeauA won on time"]

1. d4 d5 2. Bf4 h5 3. h3 Bf5 4. e3 e6 5. c4 Bxb1 6. Rxb1 Bb4+ 7. Ke2 c6 8. Qb3 Qe7 9. c5 Ba5 10. Bd6 Qd7 11. Nf3 Qc8 12. g3 Bc7 13. Bxc7 Qxc7 14. Bg2 Nd7 15. Qc3 a5 16. Rhc1 Ngf6 17. Kf1 Ne4 18. Qc2 f5 19. h4 Ke7 20. Ne1 g5 21. Bxe4 fxe4 22. Ng2 Raf8 23. Kg1 Rhg8 24. b4 a4 25. b5 Rf3 26. bxc6 bxc6 27. Rb2 a3 28. Rb3 Rgf8 29. Rf1 Kf6 30. hxg5+ Kxg5 31. Nh4 Kg4 32.
Nxf3 Rxf3 33. Kg2 h4 34. gxh4 Nf6 35. Rh1 Kh5 36. Rh3 Ng4 37. Rxf3 Qh2+ 38. Kf1 Qh1+ 39. Ke2 exf3+ 40. Kd2 Nxf2 41. Qh7+ Kg4 42. Qg6+ Kh3 43. Kc3 Ne4+ 44. Kb4 f2 45. Qxe6+ Kg3 46. Qg6+ Kf3 47. Qh5+ Kg3 48. Qg6+ Kh2 49. h5 f1=Q 50. h6 Qb5+ 0-1

[Event "Late-Titled-Tuesday-Blitz-January-16-2024"]
[Site "Chess.com"]
[Date "2024.01.16"]
[Round "5"]
[White "Rud_Makarian"]
[Black "tptagain"]
[Result "1-0"]
[WhiteElo "3059"]
[BlackElo "2963"]
[TimeControl "180+1"]
[EndTime "14:53:47 PST"]
[Termination "Rud_Makarian won by checkmate"]

1. d4 d5 2. c4 e6 3. Nf3 dxc4 4. e3 Nf6 5. Bxc4 c5 6. O-O Nc6 7. dxc5 Qxd1 8. Rxd1 Bxc5 9. a3 O-O 10. b4 Be7 11. Bb2 b6 12. Nbd2 Bb7 13. Be2 Rfd8 14. Nc4 Rac8 15.
Rxd8+ Rxd8 16. Rc1 Rc8 17. Nce5 Kf8 18. Kf1 Bd6 19. Nc4 Be7 20. h3 Nd5 21. g4 f6 22.
b5 Nb8 23. Nd4 Kf7 24. a4 Bb4 25. g5 Nd7 26. gxf6 gxf6 27. Rd1 Ke7 28. Nd2 Bxd2 29.
Rxd2 Nc5 30. Ba3 Kf7 31. Bh5+ Ke7 32. Nb3 Nc3 33. Nxc5 bxc5 34. Rc2 Nxa4 35. Rc4 Nb6 36. Rxc5 Rxc5 37. Bxc5+ Kd7 38. Be2 Be4 39. f3 Bd5 40.
e4 Bb3 41. Kf2 e5 42. Ke3 Ke6 43. f4 exf4+ 44. Kxf4 Bc2 45. Bg4+ Kf7 46. Bf5 Bb3 47. Bxh7 Bc4 48. Bf5 Bxb5 49. h4 Kg7 50. h5 Bc4 51.
Kg4 Bf7 52. h6+ Kxh6 53. Bf8# 1-0

[Event "Late-Titled-Tuesday-Blitz-January-16-2024"]
[Site "Chess.com"]
[Date "2024.01.16"]
[Round "5"]
[White "Chempiblinka"]
[Black "Rdeux42"]
[Result "1-0"]
[WhiteElo "2310"]
[BlackElo "2468"]
[TimeControl "180+1"]
[EndTime "14:53:48 PST"]
[Termination "Chempiblinka won on time"]

1. Nf3 Nf6 2. g3 g6 3. Bg2 Bg7 4. O-O d6 5. c4 O-O 6. Nc3 Nc6 7. d4 Rb8 8. Bf4 a6 9. Rc1 Nh5 10. Bg5 h6 11. Be3 Nf6 12. d5 Na5 13. b3 c5 14.
h3 b5 15. cxb5 axb5 16. Nd2 Ba6 17. Re1 Qd7 18. Nde4 Ra8 19. Nxf6+ Bxf6 20. Ne4 Bg7 21. Qd2 b4 22. Bxh6 Rfc8 23. Bxg7 Kxg7 24. Qb2+ Kg8 25. Ng5 Qf5 26. h4 Qf6 27. Qxf6 exf6 28. Ne4 Rd8 29. Nxf6+ Kg7 30. Ne4 c4 31. bxc4 Bxc4 32. Rb1 Rab8 33. Rb2 Bxd5 34. Reb1 Nc4 35. Rxb4 Bxe4 36. Rxb8 Rd7 37. R1b4 Bxg2 38. Kxg2 d5 39. a4 Ra7 40. R8b7 Ra6 41. e3 Kf6 42. e4 Ke5 43. exd5 Kxd5 44. R7b5+ Kd4 45. Rb8 Kc3 46. R4b5 Rxa4 47.
Rf8 Nd6 48. Rc5+ Kd4 49. Rc7 Ra6 50. Rd7 Ke5 51. Rfd8 1-0

[Event "Late-Titled-Tuesday-Blitz-January-16-2024"]
[Site "Chess.com"]
[Date "2024.01.16"]
[Round "5"]
[White "Bala-Afiada"]
[Black "finec2"]
[Result "1-0"]
[WhiteElo "2046"]
[BlackElo "2273"]
[TimeControl "180+1"]
[EndTime "14:53:48 PST"]
[Termination "Bala-Afiada won on time"]

1. d4 Nf6 2. c4 g6 3. Nc3 Bg7 4. e4 d6 5. Nf3 O-O 6. Be2 Na6 7. Be3 Qe8 8. h3 e5 9. d5 Nd7 10. g4 h6 11. Qd2 Kh7 12. h4 Rh8 13. h5 g5 14.
O-O-O Bf6 15. a3 Be7 16. Nb5 Qd8 17. Kb1 b6 18. Rdf1 f6 19. Ne1 Bb7 20. Ng2 Kg7 21.
f4 exf4 22. Bxf4 gxf4 23. Nxf4 Nf8 24. Nd4 Bc8 25. Nc6 Qe8 26. Bd3 Nc5 27. e5 fxe5 28.
Ng6 Bg5 29. Qc2 e4 30. Nxf8 Rxf8 31. Be2 Bd7 32. Nd4 Qe5 33. Nf5+ Bxf5 34. Rxf5 Rxf5 35. gxf5 Rf8 36. Rf1 Rxf5 37. Rxf5 Qxf5 38. Qc3+ Bf6 39. Qg3+ Kh7 40. Qe3 Bg5 41. Qd4 Qe5 42. Qf2 Bf6 43. Bg4 e3 44. Bf5+ Kh8 45. Qg2 e2 46. Bg6 e1=Q+ 47.
Ka2 Qxb2+ 48. Qxb2 Bxb2 49. Kxb2 Qe2+ 50. Kc3 Qe3+ 51.
Kb4 1-0

[Event "Late-Titled-Tuesday-Blitz-January-16-2024"]
[Site "Chess.com"]
[Date "2024.01.16"]
[Round "5"]
[White "yaguigor"]
[Black "Road2GM3000"]
[Result "1-0"]
[WhiteElo "2630"]
[BlackElo "2482"]
[TimeControl "180+1"]
[EndTime "14:53:49 PST"]
[Termination "yaguigor won on time"]

1. Nf3 d5 2. d4 Nf6 3. c4 c6 4. Nc3 a6 5. c5 Nbd7 6. Bf4 Nh5 7. e3 Nxf4 8. exf4 Nf6 9. Ne5 g6 10.
Bd3 Bg7 11. O-O O-O 12. Re1 Kh8 13. b4 Bf5 14. f3 Bxd3 15. Qxd3 Ne8 16. a4 Nc7 17. f5 Qc8 18. fxg6 hxg6 19. b5 axb5 20. axb5 Rxa1 21. Rxa1 Bxe5 22. dxe5 Ne6 23. bxc6 bxc6 24. Qe3 Kg7 25. Ne2 Qb8 26. Nd4 Nxd4 27. Qxd4 e6 28. Ra6 Qb1+ 29. Kf2 Qc2+ 30. Kg3 Rc8 31. Ra7 Qe2 32.
Qf4 Rf8 33. Qf6+ Kg8 34. Rc7 Qb5 35. Qe7 Qe2 36. Qg5 Qb5 37. h4 Qxc5 38. h5 Qc2 39. h6 Qf5 40. Qxf5 gxf5 41. Kh4 Kh7 42. Kh5 Rg8 43.
g4 fxg4 44. fxg4 Rf8 45. g5 Kg8 46. Rxc6 Rb8 47. g6 fxg6+ 48. Kxg6 Re8 49. Rd6 Kh8 50. Rd7 1-0

[Event "Late-Titled-Tuesday-Blitz-January-16-2024"]
[Site "Chess.com"]
[Date "2024.01.16"]
[Round "5"]
[White "Petukhov_Dmitry"]
[Black "dretch"]
[Result "1-0"]
[WhiteElo "2555"]
[BlackElo "2782"]
[TimeControl "180+1"]
[EndTime "14:53:50 PST"]
[Termination "Petukhov_Dmitry won by checkmate"]

1. e4 e6 2. d4 d5 3. e5 c5 4. c3 Nc6 5. Nf3 Bd7 6. a3 f6 7. b4 cxd4 8. cxd4 fxe5 9. dxe5 Nh6 10.
Bd3 Nf7 11. Bf4 g5 12. Bg3 g4 13.
Nfd2 Ncxe5 14. Be2 Bg7 15. Ra2 O-O 16. O-O Qg5 17. Re1 h5 18. f4 gxf3 19. Nxf3 Nxf3+ 20. Bxf3 h4 21. Bf2 Ne5 22. Nd2 Nd3 23. Be3 Qf6 24. Rf1 Qe5 25. Qe2 Bb5 26. Nb3 Nc1 27.
Qxb5 Qxe3+ 28. Raf2 Nxb3 29. Kh1 Nd2 30. Re2 Qh6 31.
Rg1 Nxf3 32. gxf3 h3 33. Qxb7 Rac8 34. Rxe6 Rb8 35. Qxd5 Qh4 36. Re4+ Rf7 37. Rxh4 Kf8 38. Qd6+ Re7 39. Qxb8+ Kf7 40. Rf4+ Bf6 41. Qd6 Re6 42. Qd5 Ke7 43. Rd1 Kf7 44. Re4 Kg7 45. Qxe6 a5 46. Rg4+ Kh7 47. Rd7+ Kh6 48. Qxf6+ Kh5 49. Qg5# 1-0

[Event "Late-Titled-Tuesday-Blitz-January-16-2024"]
[Site "Chess.com"]
[Date "2024.01.16"]
[Round "5"]
[White "wanyaland"]
[Black "GulamaliRises"]
[Result "0-1"]
[WhiteElo "2471"]
[BlackElo "2619"]
[TimeControl "180+1"]
[EndTime "14:53:50 PST"]
[Termination "GulamaliRises won by resignation"]

1. d4 Nf6 2. c4 e6 3. g3 c5 4.
d5 exd5 5. cxd5 d6 6. Bg2 g6 7. Nf3 Bg7 8. Nc3 O-O 9. O-O a6 10. a4 Re8 11. Nd2 Nbd7 12. h3 Qc7 13. a5 b5 14. axb6 Nxb6 15. Re1 Nfd7 16. Nde4 Bb7 17. Bf4 Ne5 18. Rc1 h6 19. b4 c4 20. Be3 f5 21. Nd2 Rac8 22. Kh2 Nbd7 23. Bd4 Ng4+ 24. hxg4 Bxd4 25. e3 Bg7 26. gxf5 gxf5 27. Qh5 Rf8 28. Rc2 Ne5 29. Rec1 Nd3 30. Rf1 Nxb4 31. Rcc1 Nd3 32. Rc2 Qa5 33. Ndb1 Rf7 34. Bh3 Rcf8 35. Qh4 Ne5 36.
Bg2 Ng4+ 37. Kg1 Qc5 38. Kh1 Bf6 39. Qh5 Bc8 40. Ne2 Rg7 41. Nf4 Rg5 42. Qh4 Be5 43.
Ne6 Bxe6 44. dxe6 d5 45. Rd1 d4 46. exd4 Bxd4 47. Rxd4 Qxd4 48. Kg1 Qd1+ 49. Bf1 Qxc2 0-1

[Event "Late-Titled-Tuesday-Blitz-January-16-2024"]
[Site "Chess.com"]
[Date "2024.01.16"]
[Round "5"]
[White "cristiancamilosoto"]
[Black "BozeKat"]
[Result "1-0"]
[WhiteElo "2386"]
[BlackElo "2094"]
[TimeControl "180+1"]
[EndTime "14:53:50 PST"]
[Termination "cristiancamilosoto won on time"]

1. c4 e5 2. g3 Nc6 3. Bg2 g6 4. e3 Bg7 5. Ne2 d6 6. O-O Be6 7. b3 Qd7 8. Nbc3 Bh3 9. d4 exd4 10. Nxd4 Nxd4 11. exd4 O-O-O 12. Bg5 f6 13. Be3 Ne7 14. Qf3 Bxg2 15. Kxg2 Kb8 16. Rfe1 h5 17. h4 Rdf8 18.
Rad1 g5 19. Ne4 gxh4 20. gxh4 Nf5 21. Rh1 Rhg8 22. Kf1 Re8 23. Bf4 Qe6 24. Ng3 Nxg3+ 25. Bxg3 Qe4 26. Qxe4 Rxe4 27. d5 f5 28. f3 Re3 29. Kf2 Rge8 30. Rhe1 Bh6 31. Rxe3 Bxe3+ 32. Kf1 f4 33. Bf2 Re7 34. Re1 c6 35. Bxe3 fxe3 36.
dxc6 bxc6 37. Ke2 d5 38. cxd5 cxd5 39. Rd1 Re5 40. f4 Re4 41. Rxd5 Rxf4 42. Rxh5 Re4 43.
Rh7 a5 44. h5 a4 45. bxa4 Rxa4 46. Kxe3 Rxa2 47. Rd7 Rh2 48. Rd5 Rh4 49. Kf3 Kc7 50. Kg3 Rh1 51. Kg4 Kc6 52. Ra5 Kd6 53. Kg5 Rg1+ 54. Kf6 Rf1+ 55. Kg7 Rg1+ 56. Kh7 Ke6 57. h6 Kf7 58. Rf5+ Ke6 59. Rf8 Ke7 60. Rg8 Rh1 61.
Rg2 Kf7 62. Rf2+ Ke7 63. Kg7 Rg1+ 64. Kh8 Rh1 65. h7 Ke8 66. Rf5 Rh2 67. Kg7 Rg2+ 68.
Kh6 Rh2+ 69. Rh5 Rxh5+ 70. Kxh5 1-0